Map: Ultralove

Players

Moja - Winner!

  • Race: Terran Terran
  • League: Grandmaster
  • Spawn Location: 7:00

Tzy

  • Race: Zerg Zerg
  • League: Grandmaster
  • Spawn Location: 1:00

VOD

Have the link to the VOD?

Description

Time

  • Played on: April 9, 2025, 5:01 p.m.
  • Length: 3:47
Show
View Real Time Build Order
Export as new Build Order

Moja Terran - Winner!

Build Orders:  

Get SALT Encoding   

  12  0:00  SCV  
  13  0:12  SCV  
  14  0:18  Supply Depot  
  14  0:24  SCV  
  15  0:39  SCV  
  15  0:40  Barracks  
  16  0:49  Barracks  
  16  0:52  SCV  
  17  0:58  Refinery  
  17  1:04  SCV  
  18  1:16  SCV  
  19  1:27  Marine  
  19  1:28  Orbital Command  
  20  1:35  Marine  
  20  1:38  Supply Depot  
  21  1:45  Reaper  
  22  1:59  Reaper  
  22  2:01  SCV  
  24  2:10  Command Center  
  24  2:14  SCV  
  25  2:19  Reaper  
  26  2:26  SCV  
  27  2:38  SCV  
  28  2:44  Command Center  
  28  2:52  SCV  
  29  3:01  Factory  
  29  3:07  SCV  
  29  3:12  Refinery  
  29  3:16  Barracks Reactor  
  29  3:19  SCV  
  30  3:22  Orbital Command  
  30  3:30  Barracks Tech Lab  
  30  3:31  SCV  
Show
View Real Time Build Order
Export as new Build Order

Tzy Zerg 

Build Orders: Hatch First 

Get SALT Encoding   

  12  0:00  Drone  
  13  0:09  Drone  
  14  0:14  Drone, Extractor  
  15  0:22  Overlord  
  15  0:41  Drone  
  16  0:46  Hatchery  
  16  0:49  Drone  
  16  0:53  Drone  
  18  0:57  Drone  
  18  1:07  Extractor  
  17  1:12  Spawning Pool  
  17  1:15  Drone  
  17  1:19  Drone  
  18  1:26  Drone  
  19  1:39  Drone  
  20  1:48  Drone  
  21  2:01  Queen x2  
  21  2:02  Zergling x4  
  27  2:16  Hatchery  
  27  2:19  Overlord  
  27  2:22  Zergling x2  
  27  2:26  Zergling x2  
  27  2:39  Zergling x6  
  30  2:46  Zergling x2  
  30  2:47  Zergling x2  
  32  2:54  Hatchery  
  32  2:56  Zergling x4  
  32  3:09  Zergling x4  
  32  3:16  Drone x2  
  32  3:17  Overlord  
Tags
 
Matchup
TvZ
Player
Moja
Replay Pack
Moja Replays
Spawn Locations
Cross Positions
Add a new tag
Caveats
  • Supply blocks, unpowered buildings, or Contaminate may cause inaccurate times.
  • Supply counts are checked every 10 seconds.